 Dungeon Crawl Stone Soup version 0.31-a0-700-gf13585253f (webtiles) character file.

Game seed: 6304521394001741376

12 Aneyh the Poker (level 2, -3/19 HPs)
             Began as a Tengu Monk on Sept 8, 2023.
             Slain by Terence
             ... wielding a +0 mace
              (5 damage)
             ... on level 2 of the Dungeon.
             The game lasted 00:01:06 (419 turns).

Aneyh the Poker (Tengu Monk)                         Turns: 419, Time: 00:01:06

Health: -3/19      AC:  2    Str: 11    XL:     2   Next: 33%
Magic:  3/3        EV: 13    Int: 10    God:
Gold:   22         SH:  0    Dex: 16    Spells: 1/1 levels left

rFire   . . .        a - +0 spear
rCold   . . .        (no shield)
rNeg    . . .        b - +0 robe
rPois   .            (helmet restricted)
rElec   .            (no cloak)
rCorr   .            (no gloves)
SInv    .            (boots unavailable)
Will    .....        (no amulet)
Stlth   +            (no ring)
HPRegen 0.23/turn    (no ring)
MPRegen 0.08/turn

%: acrobat
@: no status effects
A: beak, talons 3, acrobatic
a: no special abilities


You were on level 2 of the Dungeon.
You visited 1 branch of the dungeon, and saw 2 of its levels.

You collected 22 gold pieces.

Inventory:

Hand Weapons
 a - a +0 spear (weapon)
Missiles
 g - 4 poisoned darts (quivered)
Armour
 b - a +0 robe (worn)
 d - an orb of light
Scrolls
 f - 2 scrolls of identify {unknown}
 i - a scroll of poison {unknown}
Potions
 e - a potion of resistance {unknown}
 h - a potion of mutation {unknown}


   Skills:
 - Level 3.0 Fighting
 + Level 4.1 Polearms
 - Level 3.2 Dodging


You had one spell level left.
You didn't know any spells.
Your spell library contained the following spells:

 Spells                   Type           Power      Damage    Failure   Level
 Ensorcelled Hibernation  Hex/Ice        0%         N/A       50%         2
 Passwall                 Tmut/Erth      0%         N/A       50%         2
 Swiftness                Air            0%         N/A       75%         3


Dungeon Overview and Level Annotations

Branches:
Dungeon (1/15)

Altars:

Shops:
D:1 ?

Annotations:
D:2 Terence


Innate Abilities, Weirdness & Mutations

You have a beak for a mouth.
You have claws for feet.
You can magically evade attacks while moving or waiting.


Message History

You barely miss Terence.
Terence is lightly wounded.
An orc comes into view. It is wielding a +0 whip.
Terence closely misses you.
You bump into the stone wall.
Terence barely misses you.
You hit Terence but do no damage. You claw Terence, but do no damage.
Terence is lightly wounded.
You feel less invigorated.
You feel less confused.
Terence asks, "Do you want it fast or slow?"
Terence barely misses you.
You hit Terence but do no damage.
Terence is lightly wounded.
You hit Terence but do no damage. You claw Terence, but do no damage.
Terence is lightly wounded.
Terence misses you.
You closely miss Terence. You claw Terence, but do no damage.
Terence is lightly wounded.
Terence hits you with a +0 mace.
You hit Terence. You claw Terence, but do no damage.
Terence is lightly wounded.
Terence hits you with a +0 mace.
You hit Terence. You claw Terence. Your peck misses Terence.
Terence is heavily wounded.
Terence hits you with a +0 mace.
* * * LOW HITPOINT WARNING * * *
You hit Terence. Your kick misses Terence.
Terence is heavily wounded.
Terence barely misses you.
You hit Terence. Your peck misses Terence.
Terence is severely wounded.
Terence hits you with a +0 mace.
* * * LOW HITPOINT WARNING * * *
You hit Terence. You claw Terence.
Terence is almost dead.
Terence barely misses you.
You barely miss Terence. You peck Terence.
Terence is almost dead.
Terence hits you with a +0 mace.
You die...

#.................
##...≈≈≈≈≈.........
##..≈≈≈≈####........
###..≈≈≈###.#.##..#...
#...≈≈≈≈#.#.†## ≈.....
##..≈≈≈≈#.....# ≈..##.
#.≈≈≈≈≈#.##### ≈≈.#
##.######.# ≈.#
#.{o@@....# ..
##o######.# #.≈ #.#
#o.≈ #.. ##o≈≈ #.##
..≈≈ ### #.o≈≈ #...≈


You could see Terence and 2 orcs.

Vanquished Creatures
  An endoplasm (D:1)
  2 kobolds (D:1)
  A quokka (D:2)
  2 bats (D:1)
  3 frilled lizards (D:1)
  4 rats (D:1)
13 creatures vanquished.

Notes
Turn   | Place    | Note
-------+----------+-------------------------------------------
     0 | D:1      | Aneyh the Tengu Monk began the quest for the Orb.
     0 | D:1      | Reached XP level 1. HP: 14/14 MP: 2/2
   116 | D:1      | Found a faded altar of an unknown god.
   122 | D:1      | Found Qocvet's Magic Scroll Boutique.
   177 | D:1      | Reached XP level 2. HP: 19/19 MP: 3/3
   201 | D:1      | Reached skill level 4 in Polearms
   334 | D:1      | You fall into a shaft and drop 1 floor!
   394 | D:2      | Noticed Terence
   419 | D:2      | Slain by Terence

Illustrated notes

Levels and vault maps discovered:
D:1:      dpeg_arrival_tiny_c, layout_basic, serial_shops, shop,
          basic_ecumenical_altar, minmay_misc_feat_encased
D:2:      layout_basic, grunt_decor_junction, chequers_serial_rivers_marsh,
          uniq_terence

Skill      XL: |  1  2 |
---------------+-------+-----
Polearms       | 4 |  4.1
Fighting       | |  3.0
Dodging        | |  3.2

Action                     || total
---------------------------++-------
  Melee: Spear             ||    41
         Kick              ||     8
         Peck              ||     6
  Throw: Dart              ||     2
    Use: Potion            ||     1
 Armour: Robe              ||    17
  Dodge: Dodged            ||    15

Table legend: (Time is in decaauts)
 A = Elapsed time spent in this place.
 B = Non-inter-level travel time spent in this place.
 C = Inter-level travel time spent in this place.
 D = Time resting spent in this place.
 E = Time spent auto-exploring this place.
 F = Levels seen in this place.
 G = Mean time per level.
                   A        B        C        D        E       F      G
               +--------+--------+--------+--------+--------+-----+--------+
         Total |    415 |    415 |      0 |      0 |    305 |   2 |  207.5 |
       Dungeon |    415 |    415 |      0 |      0 |    305 |   2 |  207.5 |
               +--------+--------+--------+--------+--------+-----+--------+

Top non-repeatable levels by time:
     D:1: 332 daAuts
     D:2: 82 daAuts
